Tamiflu vs Thunder
Created - April 16, 2017 at 22:17
Goals
|
| Tamiflu |
2 |
1 |
3 |
6 |
| Thunder |
0 |
0 |
1 |
1 |
|
Shots
|
| Tamiflu |
14 |
13 |
13 |
40 |
| Thunder |
15 |
6 |
10 |
31 |
|
1st period
1. Tamiflu , Petr Pohl 36 (Colin Greening 15, Justin Braun 19) at 1:23
2. Tamiflu , Tye McGinn 25 (Nathan Oystrick 27, Stefan Elliott 17) at 2:55
Penalties :
Justin Braun (Det) for Interference (Minor) at 14:49
2nd period
3. Tamiflu , Jamie Arniel 33 (Jordan Hendry 36, Tye McGinn 32) at 5:44
Penalties :
Colin Greening (Det) for Slashing (Minor) at 11:51
3rd period
4. Tamiflu , Tye McGinn 26 (Jordan Hendry 37, Jamie Arniel 46) at 4:33
5. Thunder , David Clarkson 17 (Brett Festerling 24) at 8:49
6. Tamiflu , Jamie Arniel 34 (Tye McGinn 33) at 10:12
7. Tamiflu , Petr Pohl 37 (Robert Dome 45, Stefan Elliott 18) at 10:22
Penalties :
Daultan Leveillé (TRO) for Tripping (Minor) at 4:48, Robert Dome (Det) for Holding (Minor) at 19:35
Goalie Stats
Thomas Greiss (Det), 30 saves from 31 shots - (0.968), W, 29-21-8, 60:00 minutes
Devan Dubnyk (TRO), 34 saves from 40 shots - (0.850), L, 11-18-5, 60:00 minutes
Players Stats for Tamiflu
Player Name G A P +/- PIM S H SB GA TA FO MP PP MP PK MP
------------------------------------------------------------------------------------
Adam Larsson 0 0 0 -1 0 1 0 3 0 0 0/0 18:42 0:42 1:59
Casey Wellman 0 0 0 -1 0 1 0 0 0 0 0/0 9:17 0:00 0:00
Colin Greening 0 1 1 -1 2 1 1 0 0 0 2/4 11:43 0:33 0:07
Greg Mauldin 0 0 0 2 0 3 1 0 1 0 11/19 17:16 1:03 1:24
Jamie Arniel 2 1 3 4 0 3 1 0 0 1 8/17 18:37 0:00 0:59
Jan Mursak 0 0 0 0 0 1 1 0 0 0 0/0 10:23 0:03 1:51
Jordan Hendry 0 2 2 4 0 0 1 2 1 1 0/0 23:42 0:00 2:23
Justin Braun 0 1 1 -1 2 2 1 1 0 0 0/0 15:32 0:42 0:00
Lucas Lessio 0 0 0 -1 0 1 0 0 0 0 0/0 12:43 0:53 1:09
Mattias Tedenby 0 0 0 0 0 0 0 0 1 0 2/5 12:14 0:47 0:00
Mike Duco 0 0 0 0 0 2 0 0 2 0 0/0 13:03 0:54 0:59
Nathan Oystrick 0 1 1 2 0 1 0 1 0 1 0/0 20:25 1:17 1:52
Nino Niederreiter 0 0 0 4 0 3 1 2 0 1 1/1 18:52 0:00 0:00
Petr Pohl 2 0 2 2 0 6 0 2 2 0 1/3 18:35 0:41 2:15
Philip Samuelsson 0 0 0 4 0 3 2 0 0 2 0/0 23:15 0:00 2:23
Robert Dome 0 1 1 2 2 3 1 0 0 0 0/0 15:09 1:03 0:00
Stefan Elliott 0 2 2 2 0 1 0 1 0 1 0/0 18:14 1:17 0:07
Tye McGinn 2 2 4 4 0 8 1 0 1 0 1/3 17:53 0:00 0:00
Players Stats for Thunder
Player Name G A P +/- PIM S H SB GA TA FO MP PP MP PK MP
------------------------------------------------------------------------------------
Adam Hall 0 0 0 -3 0 2 0 0 1 0 2/3 19:42 2:01 0:59
Brett Festerling 0 1 1 -1 0 1 1 1 0 1 0/0 19:37 2:22 1:06
Casey Pierro-Zabotel 0 0 0 1 0 2 0 0 1 0 0/0 10:01 0:00 0:00
Dalton Smith 0 0 0 0 0 0 0 0 0 0 0/0 1:00 0:33 0:21
Dany Roussin 0 0 0 -2 0 1 1 0 0 1 0/0 14:51 1:52 0:44
Daultan Leveillé 0 0 0 -3 2 0 3 2 0 1 14/28 18:33 2:09 0:00
David Clarkson 1 0 1 1 0 2 1 0 0 0 0/0 10:18 0:11 0:00
David Fischer 0 0 0 -3 0 1 1 3 1 0 0/0 26:11 1:59 0:00
David Wolf 0 0 0 -1 0 0 2 0 0 0 0/0 14:47 0:00 0:00
Evgeny Kuznetsov 0 0 0 -2 0 1 1 0 1 0 6/11 14:33 1:52 0:26
Jared Staal 0 0 0 0 0 0 0 0 0 0 0/0 0:20 0:00 0:20
Jay Beagle 0 0 0 -1 0 1 2 0 0 0 0/0 14:47 0:00 0:00
Jay Harrison 0 0 0 -3 0 6 2 0 0 4 0/0 26:12 2:00 0:00
Joe Labate 0 0 0 1 0 2 1 1 0 0 3/7 10:01 0:00 0:00
Joey Ryan 0 0 0 -1 0 1 1 2 0 0 0/0 19:37 2:22 1:06
Josiah Didier 0 0 0 -1 0 0 0 0 0 0 0/0 13:43 0:00 0:48
Kelly Zajac 0 0 0 -1 0 1 0 2 0 0 1/3 14:47 0:00 0:00
Peter Andersson 0 0 0 -1 0 1 1 2 0 1 0/0 13:55 0:01 0:48
Pierre-Alexandre Parente 0 0 0 -2 0 1 2 0 1 0 0/0 14:25 1:52 0:19
Robin Leblanc 0 0 0 0 0 0 1 0 0 0 0/0 1:09 0:35 0:00
Scott Parse 0 0 0 -3 0 8 5 1 2 0 0/0 19:31 2:01 0:59
3 Stars
1 - Tye McGinn (Det)
2 - Jamie Arniel (Det)
3 - Petr Pohl (Det)
Power Play
Tamiflu - 0 on 1 Attempt(s) - 0.00%
Thunder - 0 on 3 Attempt(s) - 0.00%
Penalty Kill
Tamiflu - 3 on 3 Attempt(s) - 100.00%
- Score 0 goal in Penalty Kill
Thunder - 1 on 1 Attempt(s) - 100.00%
- Score 0 goal in Penalty Kill
Team Stat
Tamiflu - Hits : 11 - Faceoff Wins : 26 - Blocked Shots : 12 - Penalty Minutes : 6
Thunder - Hits : 25 - Faceoff Wins : 26 - Blocked Shots : 14 - Penalty Minutes : 2
Official
Referees : O'Halloran Dan and Lee Chris
Linesman : Steve Barton and Michel Cormier
Game Notes
Jan Mursak is injured at 7:37 of 3rd period (Right Leg)
Finance
Level 1 -- Attendance: 1376 (68.80%) -- Ticket Income $48,160
Level 2 -- Attendance: 657 (65.70%) -- Ticket Income $9,855
Total Attendance: 2033 (67.77%)
Total Ticket Income: $58,015
Other Income: $2,901
Total Income: $60,916
Tamiflu
5 vs 5 Forward
Center Left Wing Right Wing Time % Phy DF OF
1 Greg Mauldin Robert Dome Petr Pohl 35 0 2 3
2 Jamie Arniel Tye McGinn Nino Niederreiter 35 0 2 3
3 Mattias Tedenby Jan Mursak Mike Duco 20 1 2 2
4 Colin Greening Lucas Lessio Casey Wellman 10 1 2 2
5 vs 5 Defense
Defense Defense Time % Phy DF OF
1 Philip Samuelsson Jordan Hendry 40 1 2 2
2 Nathan Oystrick Stefan Elliott 30 1 2 2
3 Justin Braun Adam Larsson 20 1 2 2
4 Justin Braun Adam Larsson 10 1 3 1
PowerPlay Forward
Center Left Wing Right Wing Time % Phy DF OF
1 Greg Mauldin Robert Dome Nino Niederreiter 50 0 1 4
2 Jamie Arniel Tye McGinn Petr Pohl 50 0 1 4
PowerPlay Defense
Defense Defense Time % Phy DF OF
1 Philip Samuelsson Jordan Hendry 60 0 2 3
2 Stefan Elliott Nathan Oystrick 40 0 2 3
Penalty Kill 4 Players Forward
Center Wing Time % Phy DF OF
1 Petr Pohl Jan Mursak 60 1 3 1
2 Jamie Arniel Mike Duco 40 1 3 1
Penalty Kill 4 Players Defense
Defense Defense Time % Phy DF OF
1 Nathan Oystrick Adam Larsson 50 1 3 1
2 Philip Samuelsson Jordan Hendry 50 1 3 1
Penalty Kill - 3 Players Forward
Forward Time % Phy DF OF
1 Jan Mursak 60 1 4 0
2 Mike Duco 40 1 4 0
Penalty Kill - 3 Players Defense
Defense Defense Time % Phy DF OF
1 Nathan Oystrick Jordan Hendry 60 1 4 0
2 Philip Samuelsson Adam Larsson 40 1 4 0
4 vs 4 Forward
Center Wing Time % Phy DF OF
1 Greg Mauldin Petr Pohl 50 1 2 2
2 Robert Dome Nino Niederreiter 50 1 2 2
4 vs 4 Defense
Defense Defense Time % Phy DF OF
1 Philip Samuelsson Jordan Hendry 60 1 2 2
2 Nathan Oystrick Justin Braun 40 1 2 2
Last Minutes Offensive
Center Left Wing Right Wing Defense Defense
Greg Mauldin Robert Dome Petr Pohl Philip Samuelsson Jordan Hendry
Last Minutes Defensive
Center Left Wing Right Wing Defense Defense
Jamie Arniel Jan Mursak Mike Duco Philip Samuelsson Nathan Oystrick
Goaltenders
Starting : Thomas Greiss
Backup : Joe Fallon
Extra Forwards
Normal : Petr Pohl, Nino Niederreiter, Mike Duco - PP : Mattias Tedenby, Mike Duco - PK : Greg Mauldin
Extra Defensemen
Normal : Philip Samuelsson, Stefan Elliott, Adam Larsson - PP : Justin Braun - PK : Justin Braun, Stefan Elliott
Penalty Shots
Mattias Tedenby, Jamie Arniel, Robert Dome, Nino Niederreiter, Greg Mauldin
Scratches
Garrett Wilson (Healthy), Tanner Kero (Healthy), Greg McKegg (Healthy), Kyle Lawson (Healthy), Brett Bulmer (Healthy)
Stuart Percy (Healthy), Rich Clune (Healthy), Jerome Gauthier-Leduc (Healthy), Konrad Abeltshauser (Healthy), Jan Mursak (Right Leg Injury)
Phoenix Copley (Healthy), Tyler Beskorowany (Healthy)
Thunder
5 vs 5 Forward
Center Left Wing Right Wing Time % Phy DF OF
1 Daultan Leveillé Scott Parse Adam Hall 40 1 2 2
2 Evgeny Kuznetsov Dany Roussin Pierre-Alexandre Parentea30 1 2 2
3 Kelly Zajac David Wolf Jay Beagle 20 1 2 2
4 Joe Labate Casey Pierro-Zabotel David Clarkson 10 1 2 2
5 vs 5 Defense
Defense Defense Time % Phy DF OF
1 Jay Harrison David Fischer 40 1 2 2
2 Joey Ryan Brett Festerling 30 1 2 2
3 Peter Andersson Josiah Didier 20 1 2 2
4 Jay Harrison David Fischer 10 1 2 2
PowerPlay Forward
Center Left Wing Right Wing Time % Phy DF OF
1 Daultan Leveillé Scott Parse Adam Hall 60 1 2 2
2 Evgeny Kuznetsov Dany Roussin Pierre-Alexandre Parentea40 1 2 2
PowerPlay Defense
Defense Defense Time % Phy DF OF
1 Jay Harrison David Fischer 60 1 2 2
2 Joey Ryan Brett Festerling 40 1 2 2
Penalty Kill 4 Players Forward
Center Wing Time % Phy DF OF
1 Adam Hall Scott Parse 60 1 2 2
2 Pierre-Alexandre ParenteaDany Roussin 40 1 2 2
Penalty Kill 4 Players Defense
Defense Defense Time % Phy DF OF
1 Jay Harrison David Fischer 60 1 2 2
2 Joey Ryan Brett Festerling 40 1 2 2
Penalty Kill - 3 Players Forward
Forward Time % Phy DF OF
1 Adam Hall 60 1 2 2
2 Scott Parse 40 1 2 2
Penalty Kill - 3 Players Defense
Defense Defense Time % Phy DF OF
1 Jay Harrison David Fischer 60 1 2 2
2 Joey Ryan Brett Festerling 40 1 2 2
4 vs 4 Forward
Center Wing Time % Phy DF OF
1 Adam Hall Scott Parse 60 1 2 2
2 Pierre-Alexandre ParenteaDany Roussin 40 1 2 2
4 vs 4 Defense
Defense Defense Time % Phy DF OF
1 Jay Harrison David Fischer 60 1 2 2
2 Joey Ryan Brett Festerling 40 1 2 2
Last Minutes Offensive
Center Left Wing Right Wing Defense Defense
Daultan Leveillé Scott Parse Adam Hall Jay Harrison David Fischer
Last Minutes Defensive
Center Left Wing Right Wing Defense Defense
Daultan Leveillé Scott Parse Adam Hall Jay Harrison David Fischer
Goaltenders
Starting : Devan Dubnyk
Backup : Magnus Hellberg
Extra Forwards
Normal : Robin Leblanc, Dalton Smith, Jared Staal - PP : Robin Leblanc, Dalton Smith - PK : Jared Staal
Extra Defensemen
Normal : Peter Andersson, Josiah Didier, Joey Ryan - PP : Peter Andersson - PK : Josiah Didier, Joey Ryan
Penalty Shots
Adam Hall, Scott Parse, Pierre-Alexandre Parenteau, Dany Roussin, Jay Beagle
Scratches
Dougie Hamilton (Upper Body Injury), Andrej Sustr (Broken Right Thumb Injury), Niklas Treutle (Healthy)
% Time on Ice - Tamiflu
Lines # - Real PCT - Wanted PCT - Time Play
Normal Forward
1 - 29% - 35% - 15:42
2 - 33% - 35% - 17:38
3 - 21% - 20% - 11:10
4 - 17% - 10% - 9:09
Normal Defense
1 - 42% - 40% - 22:19
2 - 31% - 30% - 16:46
3 - 19% - 20% - 10:11
4 - 8% - 10% - 4:23
PP Forward
1 - 100% - 50% - 1:59
2 - 0% - 50% - 0:00
PP Defense
1 - 0% - 60% - 0:00
2 - 100% - 40% - 1:59
PK Forward
1 - 77% - 60% - 3:23
2 - 23% - 40% - 0:59
PK Defense
1 - 45% - 50% - 1:59
2 - 55% - 50% - 2:23
PK3 Forward
1 - 0% - 60%
2 - 0% - 40%
PK3 Defense
1 - 0% - 60%
2 - 0% - 40%
44 Forward
1 - 0% - 50%
2 - 0% - 50%
44 Defense
1 - 0% - 60%
2 - 0% - 40%
Last Minute Offensive - 0:00
Last Minute Defensive - 0:00
Total
Forward - 60:00
Defense - 60:00
|
% Time on Ice - Thunder
Lines # - Real PCT - Wanted PCT - Time Play
Normal Forward
1 - 31% - 40% - 16:37
2 - 23% - 30% - 12:14
3 - 28% - 20% - 14:47
4 - 19% - 10% - 10:01
Normal Defense
1 - 38% - 40% - 20:15
2 - 31% - 30% - 16:27
3 - 24% - 20% - 13:00
4 - 7% - 10% - 3:57
PP Forward
1 - 57% - 60% - 2:30
2 - 43% - 40% - 1:52
PP Defense
1 - 46% - 60% - 2:00
2 - 54% - 40% - 2:22
PK Forward
1 - 84% - 60% - 1:40
2 - 16% - 40% - 0:19
PK Defense
1 - 0% - 60% - 0:00
2 - 100% - 40% - 1:59
PK3 Forward
1 - 0% - 60%
2 - 0% - 40%
PK3 Defense
1 - 0% - 60%
2 - 0% - 40%
44 Forward
1 - 0% - 60%
2 - 0% - 40%
44 Defense
1 - 0% - 60%
2 - 0% - 40%
Last Minute Offensive - 0:00
Last Minute Defensive - 0:00
Total
Forward - 60:00
Defense - 60:00
|
Play by Play
1st period
0:01 of 1st period - Greg Mauldin wins face-off versus Daultan Leveillé in neutral zone.
0:10 of 1st period - Snap shot by Petr Pohl.
0:10 of 1st period - Shot Misses the Net.
0:12 of 1st period - Slapshot by Philip Samuelsson.
0:12 of 1st period - Shot Blocked by David Fischer.
0:14 of 1st period - Slapshot by Robert Dome.
0:14 of 1st period - Deflect By Petr Pohl.
0:14 of 1st period - Stopped by Devan Dubnyk with a rebound.
0:16 of 1st period - Wrist shot by Robert Dome.
0:16 of 1st period - Stopped by Devan Dubnyk without a rebound.
0:17 of 1st period - Evgeny Kuznetsov wins face-off versus Jamie Arniel in Thunder zone.
0:49 of 1st period - Wrist shot by Mattias Tedenby.
0:49 of 1st period - Shot Misses the Net.
0:51 of 1st period - Snap shot by Mike Duco.
0:51 of 1st period - Stopped by Devan Dubnyk without a rebound.
0:52 of 1st period - Colin Greening wins face-off versus Joe Labate in Thunder zone.
1:21 of 1st period - Slapshot by Petr Pohl.
1:21 of 1st period - Shot Blocked by Daultan Leveillé.
1:23 of 1st period - Wrist shot by Petr Pohl.
1:23 of 1st period - Goal by Petr Pohl - Tamiflu : 1 - Thunder : 0.
1:24 of 1st period - Daultan Leveillé wins face-off versus Jamie Arniel in neutral zone.
1:33 of 1st period - Wrist shot by Scott Parse.
1:33 of 1st period - Stopped by Thomas Greiss with a rebound.
1:35 of 1st period - Slapshot by Jay Harrison.
1:35 of 1st period - Stopped by Thomas Greiss with a rebound.
1:37 of 1st period - Snap shot by Scott Parse.
1:37 of 1st period - Shot Misses the Net.
1:39 of 1st period - Slapshot by David Fischer.
1:39 of 1st period - Shot Blocked by Nino Niederreiter.
1:54 of 1st period - Snap shot by Pierre-Alexandre Parenteau.
1:54 of 1st period - Shot Blocked by Jordan Hendry.
2:35 of 1st period - Wrist shot by Adam Hall.
2:35 of 1st period - Stopped by Thomas Greiss with a rebound.
2:43 of 1st period - Wrist shot by Scott Parse.
2:43 of 1st period - Shot Misses the Net.
2:55 of 1st period - Slapshot by Nathan Oystrick.
2:55 of 1st period - Deflect By Tye McGinn.
2:55 of 1st period - Goal by Tye McGinn - Tamiflu : 2 - Thunder : 0.
2:56 of 1st period - Greg Mauldin wins face-off versus Kelly Zajac in neutral zone.
3:05 of 1st period - Wrist shot by Petr Pohl.
3:05 of 1st period - Shot Misses the Net.
3:07 of 1st period - Snap shot by Adam Larsson.
3:07 of 1st period - Stopped by Devan Dubnyk without a rebound.
3:08 of 1st period - Jamie Arniel wins face-off versus Daultan Leveillé in Thunder zone.
3:23 of 1st period - Snap shot by Adam Hall.
3:23 of 1st period - Shot Misses the Net.
4:00 of 1st period - Snap shot by Mike Duco.
4:00 of 1st period - Stopped by Devan Dubnyk with a rebound.
4:34 of 1st period - Snap shot by Robert Dome.
4:34 of 1st period - Stopped by Devan Dubnyk with a rebound.
4:36 of 1st period - Slapshot by Greg Mauldin.
4:36 of 1st period - Stopped by Devan Dubnyk with a rebound.
4:38 of 1st period - Wrist shot by Robert Dome.
4:38 of 1st period - Stopped by Devan Dubnyk with a rebound.
4:40 of 1st period - Slapshot by Philip Samuelsson.
4:40 of 1st period - Stopped by Devan Dubnyk without a rebound.
4:41 of 1st period - Greg Mauldin wins face-off versus Daultan Leveillé in Thunder zone.
4:52 of 1st period - Snap shot by Robert Dome.
4:52 of 1st period - Shot Blocked by David Fischer.
5:02 of 1st period - Snap shot by Scott Parse.
5:02 of 1st period - Stopped by Thomas Greiss without a rebound.
5:03 of 1st period - Evgeny Kuznetsov wins face-off versus Tye McGinn in Tamiflu zone.
6:07 of 1st period - Slapshot by Jay Harrison.
6:07 of 1st period - Shot Misses the Net.
6:09 of 1st period - Backhand shot by Jay Harrison.
6:09 of 1st period - Stopped by Thomas Greiss with a rebound.
6:11 of 1st period - Snap shot by Kelly Zajac.
6:11 of 1st period - Stopped by Thomas Greiss with a rebound.
6:13 of 1st period - Slapshot by David Fischer.
6:13 of 1st period - Stopped by Thomas Greiss with a rebound.
6:15 of 1st period - Slapshot by Jay Harrison.
6:15 of 1st period - Deflect By Jordan Hendry.
6:15 of 1st period - Stopped by Thomas Greiss without a rebound.
6:16 of 1st period - Tye McGinn wins face-off versus Daultan Leveillé in Tamiflu zone.
6:52 of 1st period - Snap shot by Petr Pohl.
6:52 of 1st period - Stopped by Devan Dubnyk without a rebound.
6:53 of 1st period - Adam Hall wins face-off versus Mattias Tedenby in Thunder zone.
7:03 of 1st period - Off-side.
7:04 of 1st period - Evgeny Kuznetsov wins face-off versus Jamie Arniel in neutral zone.
7:13 of 1st period - Snap shot by Tye McGinn.
7:13 of 1st period - Shot Misses the Net.
7:15 of 1st period - Slapshot by Jordan Hendry.
7:15 of 1st period - Shot Misses the Net.
7:17 of 1st period - Wrist shot by Jordan Hendry.
7:17 of 1st period - Deflect By Nino Niederreiter.
7:17 of 1st period - Shot Misses the Net.
7:17 of 1st period - Puck is out of play.
7:18 of 1st period - Greg Mauldin wins face-off versus Daultan Leveillé in Thunder zone.
7:27 of 1st period - Snap shot by Scott Parse.
7:27 of 1st period - Stopped by Thomas Greiss without a rebound.
7:28 of 1st period - Daultan Leveillé wins face-off versus Greg Mauldin in Tamiflu zone.
7:33 of 1st period - Wrist shot by Scott Parse.
7:33 of 1st period - Shot Misses the Net.
8:26 of 1st period - Snap shot by Scott Parse.
8:26 of 1st period - Stopped by Thomas Greiss without a rebound.
8:27 of 1st period - Jamie Arniel wins face-off versus Evgeny Kuznetsov in Tamiflu zone.
8:27 of 1st period - Jamie Arniel is hit by Joey Ryan.
9:23 of 1st period - Snap shot by Evgeny Kuznetsov.
9:23 of 1st period - Shot Blocked by Nino Niederreiter.
9:25 of 1st period - Slapshot by Joey Ryan.
9:25 of 1st period - Deflect By Nathan Oystrick.
9:25 of 1st period - Stopped by Thomas Greiss without a rebound.
9:26 of 1st period - Kelly Zajac wins face-off versus Mattias Tedenby in Tamiflu zone.
9:56 of 1st period - Snap shot by David Clarkson.
9:56 of 1st period - Deflect By Joe Labate.
9:56 of 1st period - Stopped by Thomas Greiss without a rebound.
9:57 of 1st period - Greg Mauldin wins face-off versus Daultan Leveillé in Tamiflu zone.
10:04 of 1st period - Slapshot by Robert Dome.
10:04 of 1st period - Shot Misses the Net.
10:08 of 1st period - Backhand shot by Petr Pohl.
10:08 of 1st period - Shot Blocked by Daultan Leveillé.
10:10 of 1st period - Snap shot by Robert Dome.
10:10 of 1st period - Shot Misses the Net.
10:12 of 1st period - Slapshot by Philip Samuelsson.
10:12 of 1st period - Shot Misses the Net.
11:45 of 1st period - Josiah Didier is hit by Justin Braun.
12:05 of 1st period - Jordan Hendry is hit by Scott Parse and loses puck.
12:20 of 1st period - Daultan Leveillé is hit by Philip Samuelsson.
12:30 of 1st period - Nino Niederreiter is hit by David Wolf and loses puck.
14:02 of 1st period - Nathan Oystrick is hit by Scott Parse and loses puck.
14:37 of 1st period - Justin Braun is hit by Jay Beagle and loses puck.
14:49 of 1st period - Minor Penalty to Justin Braun for Interference.
14:50 of 1st period - Petr Pohl wins face-off versus Evgeny Kuznetsov in Tamiflu zone.
15:22 of 1st period - Petr Pohl is hit by Scott Parse and loses puck.
16:49 of 1st period - Penalty to Justin Braun is over, Justin Braun is back on ice.
17:03 of 1st period - Wrist shot by Casey Pierro-Zabotel.
17:03 of 1st period - Shot Misses the Net.
17:05 of 1st period - Slapshot by Peter Andersson.
17:05 of 1st period - Stopped by Thomas Greiss without a rebound.
17:06 of 1st period - Jamie Arniel wins face-off versus Joe Labate in Tamiflu zone.
17:28 of 1st period - Peter Andersson is hit by Tye McGinn and loses puck.
17:39 of 1st period - Philip Samuelsson is hit by David Wolf and loses puck.
18:02 of 1st period - Snap shot by Dany Roussin.
18:02 of 1st period - Deflect By Evgeny Kuznetsov.
18:02 of 1st period - Stopped by Thomas Greiss without a rebound.
18:03 of 1st period - Evgeny Kuznetsov wins face-off versus Mattias Tedenby in Tamiflu zone.
18:12 of 1st period - Wrist shot by Dany Roussin.
18:12 of 1st period - Shot Blocked by Adam Larsson.
18:14 of 1st period - Slapshot by Joey Ryan.
18:14 of 1st period - Shot Misses the Net.
18:16 of 1st period - Snap shot by Evgeny Kuznetsov.
18:16 of 1st period - Shot Misses the Net.
18:18 of 1st period - Snap shot by Dany Roussin.
18:18 of 1st period - Stopped by Thomas Greiss with a rebound.
18:49 of 1st period - Snap shot by Greg Mauldin.
18:49 of 1st period - Stopped by Devan Dubnyk with a rebound.
19:07 of 1st period - Off-side.
19:08 of 1st period - Joe Labate wins face-off versus Colin Greening in neutral zone.
19:33 of 1st period - Nino Niederreiter is hit by Scott Parse and loses puck.
19:40 of 1st period - Wrist shot by Adam Hall.
19:40 of 1st period - Shot Misses the Net.
19:42 of 1st period - Slapshot by Scott Parse.
19:42 of 1st period - Shot Blocked by Jordan Hendry.
19:54 of 1st period - Snap shot by Petr Pohl.
19:54 of 1st period - Stopped by Devan Dubnyk without a rebound.
19:55 of 1st period - Evgeny Kuznetsov wins face-off versus Greg Mauldin in Thunder zone.
Goals for this period are 2 for Tamiflu vs 0 for Thunder.
Shots for this period are 14 for Tamiflu vs 15 for Thunder.
2nd period
0:01 of 2nd period - Daultan Leveillé wins face-off versus Jamie Arniel in neutral zone.
0:14 of 2nd period - Jay Harrison is hit by Philip Samuelsson and loses puck.
0:29 of 2nd period - Slapshot by Jay Harrison.
0:29 of 2nd period - Shot Misses the Net.
0:41 of 2nd period - Pierre-Alexandre Parenteau is hit by Greg Mauldin and loses puck.
1:36 of 2nd period - Snap shot by Adam Hall.
1:36 of 2nd period - Stopped by Thomas Greiss with a rebound.
1:54 of 2nd period - Snap shot by Petr Pohl.
1:54 of 2nd period - Shot Misses the Net.
1:56 of 2nd period - Slapshot by Philip Samuelsson.
1:56 of 2nd period - Deflect By Petr Pohl.
1:56 of 2nd period - Shot Misses the Net.
1:56 of 2nd period - Puck is out of play.
1:57 of 2nd period - Greg Mauldin wins face-off versus Evgeny Kuznetsov in Thunder zone.
2:24 of 2nd period - Nino Niederreiter is hit by Daultan Leveillé and loses puck.
2:53 of 2nd period - Kelly Zajac is hit by Jan Mursak and loses puck.
3:16 of 2nd period - Wrist shot by Lucas Lessio.
3:16 of 2nd period - Stopped by Devan Dubnyk without a rebound.
3:17 of 2nd period - Jamie Arniel wins face-off versus Daultan Leveillé in Thunder zone.
3:20 of 2nd period - Wrist shot by Nino Niederreiter.
3:20 of 2nd period - Stopped by Devan Dubnyk with a rebound.
3:42 of 2nd period - Petr Pohl is hit by Jay Harrison and loses puck.
3:53 of 2nd period - Backhand shot by Pierre-Alexandre Parenteau.
3:53 of 2nd period - Stopped by Thomas Greiss with a rebound.
5:35 of 2nd period - Snap shot by David Wolf.
5:35 of 2nd period - Deflect By Jay Beagle.
5:35 of 2nd period - Stopped by Thomas Greiss without a rebound.
5:36 of 2nd period - Jamie Arniel wins face-off versus Daultan Leveillé in Tamiflu zone.
5:36 of 2nd period - Jamie Arniel is hit by Scott Parse.
5:42 of 2nd period - Backhand shot by Jordan Hendry.
5:42 of 2nd period - Shot Blocked by Scott Parse.
5:44 of 2nd period - Snap shot by Jamie Arniel.
5:44 of 2nd period - Goal by Jamie Arniel - Tamiflu : 3 - Thunder : 0.
5:45 of 2nd period - Daultan Leveillé wins face-off versus Jamie Arniel in neutral zone.
6:00 of 2nd period - Snap shot by Tye McGinn.
6:00 of 2nd period - Stopped by Devan Dubnyk with a rebound.
6:38 of 2nd period - Slapshot by Philip Samuelsson.
6:38 of 2nd period - Deflect By Joey Ryan.
6:38 of 2nd period - Stopped by Devan Dubnyk with a rebound.
6:40 of 2nd period - Slapshot by Philip Samuelsson.
6:40 of 2nd period - Stopped by Devan Dubnyk without a rebound.
6:41 of 2nd period - Mattias Tedenby wins face-off versus Daultan Leveillé in Thunder zone.
7:07 of 2nd period - Nathan Oystrick is hit by Pierre-Alexandre Parenteau and loses puck.
7:16 of 2nd period - Wrist shot by Dany Roussin.
7:16 of 2nd period - Shot Misses the Net.
7:27 of 2nd period - Snap shot by Petr Pohl.
7:27 of 2nd period - Shot Blocked by Kelly Zajac.
7:29 of 2nd period - Snap shot by Stefan Elliott.
7:29 of 2nd period - Stopped by Devan Dubnyk with a rebound.
7:31 of 2nd period - Wrist shot by Greg Mauldin.
7:31 of 2nd period - Stopped by Devan Dubnyk without a rebound.
7:32 of 2nd period - Greg Mauldin wins face-off versus Daultan Leveillé in Thunder zone.
7:33 of 2nd period - Snap shot by Petr Pohl.
7:33 of 2nd period - Stopped by Devan Dubnyk without a rebound.
7:34 of 2nd period - Daultan Leveillé wins face-off versus Greg Mauldin in Thunder zone.
7:49 of 2nd period - Wrist shot by Scott Parse.
7:49 of 2nd period - Stopped by Thomas Greiss with a rebound.
8:11 of 2nd period - Snap shot by Jan Mursak.
8:11 of 2nd period - Stopped by Devan Dubnyk without a rebound.
8:12 of 2nd period - Jamie Arniel wins face-off versus Evgeny Kuznetsov in Thunder zone.
8:13 of 2nd period - Wrist shot by Nino Niederreiter.
8:13 of 2nd period - Stopped by Devan Dubnyk without a rebound.
8:14 of 2nd period - Evgeny Kuznetsov wins face-off versus Jamie Arniel in Thunder zone.
8:19 of 2nd period - Wrist shot by Jamie Arniel.
8:19 of 2nd period - Shot Misses the Net.
8:21 of 2nd period - Snap shot by Jordan Hendry.
8:21 of 2nd period - Shot Blocked by Brett Festerling.
10:46 of 2nd period - Icing by Jay Beagle.
10:47 of 2nd period - Colin Greening wins face-off versus Joe Labate in Thunder zone.
10:50 of 2nd period - Slapshot by Colin Greening.
10:50 of 2nd period - Shot Blocked by Joe Labate.
10:52 of 2nd period - Wrist shot by Casey Wellman.
10:52 of 2nd period - Stopped by Devan Dubnyk without a rebound.
10:53 of 2nd period - Joe Labate wins face-off versus Colin Greening in Thunder zone.
10:53 of 2nd period - Joe Labate is hit by Colin Greening.
11:09 of 2nd period - Casey Pierro-Zabotel is hit by Jordan Hendry and loses puck.
11:51 of 2nd period - Minor Penalty to Colin Greening for Slashing.
11:52 of 2nd period - Daultan Leveillé wins face-off versus Petr Pohl in Tamiflu zone.
12:58 of 2nd period - Slapshot by Nathan Oystrick.
12:58 of 2nd period - Deflect By Adam Hall.
12:58 of 2nd period - Stopped by Devan Dubnyk with a rebound.
13:48 of 2nd period - Lucas Lessio is hit by Robin Leblanc and loses puck.
13:51 of 2nd period - Penalty to Colin Greening is over, Colin Greening is back on ice.
15:00 of 2nd period - Snap shot by Greg Mauldin.
15:00 of 2nd period - Deflect By Lucas Lessio.
15:00 of 2nd period - Shot Blocked by Kelly Zajac.
15:00 of 2nd period - Puck is out of play.
15:01 of 2nd period - Daultan Leveillé wins face-off versus Jamie Arniel in Thunder zone.
15:37 of 2nd period - Wrist shot by David Clarkson.
15:37 of 2nd period - Stopped by Thomas Greiss without a rebound.
15:38 of 2nd period - Mattias Tedenby wins face-off versus Adam Hall in Tamiflu zone.
15:48 of 2nd period - Snap shot by Scott Parse.
15:48 of 2nd period - Stopped by Thomas Greiss with a rebound.
16:23 of 2nd period - Petr Pohl is hit by David Clarkson and loses puck.
17:14 of 2nd period - Petr Pohl is hit by Daultan Leveillé and loses puck.
19:58 of 2nd period - Casey Wellman is hit by Pierre-Alexandre Parenteau and loses puck.
Goals for this period are 1 for Tamiflu vs 0 for Thunder.
Shots for this period are 13 for Tamiflu vs 6 for Thunder.
3rd period
0:01 of 3rd period - Daultan Leveillé wins face-off versus Jamie Arniel in neutral zone.
0:08 of 3rd period - Wrist shot by Adam Hall.
0:08 of 3rd period - Deflect By Scott Parse.
0:08 of 3rd period - Stopped by Thomas Greiss with a rebound.
0:10 of 3rd period - Snap shot by Daultan Leveillé.
0:10 of 3rd period - Shot Hit the Post.
0:12 of 3rd period - Snap shot by Scott Parse.
0:12 of 3rd period - Stopped by Thomas Greiss without a rebound.
0:13 of 3rd period - Daultan Leveillé wins face-off versus Jamie Arniel in Tamiflu zone.
0:55 of 3rd period - Snap shot by Jamie Arniel.
0:55 of 3rd period - Stopped by Devan Dubnyk with a rebound.
0:57 of 3rd period - Snap shot by Tye McGinn.
0:57 of 3rd period - Stopped by Devan Dubnyk with a rebound.
0:59 of 3rd period - Wrist shot by Tye McGinn.
0:59 of 3rd period - Shot Misses the Net.
1:19 of 3rd period - David Wolf is hit by Jamie Arniel.
1:38 of 3rd period - Snap shot by Nino Niederreiter.
1:38 of 3rd period - Shot Misses the Net.
2:39 of 3rd period - Slapshot by Jay Harrison.
2:39 of 3rd period - Deflect By Nino Niederreiter.
2:39 of 3rd period - Stopped by Thomas Greiss with a rebound.
2:53 of 3rd period - David Fischer is hit by Nino Niederreiter and loses puck.
3:23 of 3rd period - Snap shot by Philip Samuelsson.
3:23 of 3rd period - Shot Blocked by David Fischer.
3:25 of 3rd period - Wrist shot by Nino Niederreiter.
3:25 of 3rd period - Stopped by Devan Dubnyk with a rebound.
3:27 of 3rd period - Snap shot by Jordan Hendry.
3:27 of 3rd period - Shot Misses the Net.
3:29 of 3rd period - Snap shot by Tye McGinn.
3:29 of 3rd period - Stopped by Devan Dubnyk with a rebound.
3:33 of 3rd period - Wrist shot by Tye McGinn.
3:33 of 3rd period - Stopped by Devan Dubnyk with a rebound.
4:25 of 3rd period - Snap shot by Tye McGinn.
4:25 of 3rd period - Shot Misses the Net.
4:29 of 3rd period - Snap shot by Tye McGinn.
4:29 of 3rd period - Stopped by Devan Dubnyk with a rebound.
4:33 of 3rd period - Snap shot by Tye McGinn.
4:33 of 3rd period - Goal by Tye McGinn - Tamiflu : 4 - Thunder : 0.
4:34 of 3rd period - Greg Mauldin wins face-off versus Daultan Leveillé in neutral zone.
4:37 of 3rd period - Scott Parse is hit by Robert Dome.
4:48 of 3rd period - Minor Penalty to Daultan Leveillé for Tripping.
4:49 of 3rd period - Adam Hall wins face-off versus Greg Mauldin in Thunder zone.
5:37 of 3rd period - Snap shot by Petr Pohl.
5:37 of 3rd period - Shot Misses the Net.
6:48 of 3rd period - Penalty to Daultan Leveillé is over, Daultan Leveillé is back on ice.
7:03 of 3rd period - Adam Larsson is hit by Peter Andersson and loses puck.
7:14 of 3rd period - Colin Greening is hit by Dany Roussin and loses puck.
7:36 of 3rd period - Jan Mursak is hit by Brett Festerling and loses puck.
7:37 of 3rd period - Jan Mursak from Tamiflu is injured at 7:37 of 3rd period (Right Leg).
7:38 of 3rd period - Daultan Leveillé wins face-off versus Greg Mauldin in Tamiflu zone.
7:43 of 3rd period - Wrist shot by Scott Parse.
7:43 of 3rd period - Shot Misses the Net.
8:49 of 3rd period - Snap shot by David Clarkson.
8:49 of 3rd period - Goal by David Clarkson - Tamiflu : 4 - Thunder : 1.
8:50 of 3rd period - Daultan Leveillé wins face-off versus Greg Mauldin in neutral zone.
9:22 of 3rd period - Stefan Elliott is hit by Evgeny Kuznetsov.
9:41 of 3rd period - Mattias Tedenby is hit by Jay Beagle and loses puck.
10:02 of 3rd period - Slapshot by Justin Braun.
10:02 of 3rd period - Stopped by Devan Dubnyk with a rebound.
10:04 of 3rd period - Wrist shot by Adam Larsson.
10:04 of 3rd period - Shot Blocked by Peter Andersson.
10:06 of 3rd period - Snap shot by Lucas Lessio.
10:06 of 3rd period - Shot Misses the Net.
10:08 of 3rd period - Snap shot by Lucas Lessio.
10:08 of 3rd period - Shot Blocked by Peter Andersson.
10:10 of 3rd period - Snap shot by Colin Greening.
10:10 of 3rd period - Stopped by Devan Dubnyk without a rebound.
10:11 of 3rd period - Jamie Arniel wins face-off versus Evgeny Kuznetsov in Thunder zone.
10:12 of 3rd period - Snap shot by Tye McGinn.
10:12 of 3rd period - Deflect By Jamie Arniel.
10:12 of 3rd period - Goal by Jamie Arniel - Tamiflu : 5 - Thunder : 1.
10:13 of 3rd period - Greg Mauldin wins face-off versus Daultan Leveillé in neutral zone.
10:22 of 3rd period - Wrist shot by Petr Pohl.
10:22 of 3rd period - Goal by Petr Pohl - Tamiflu : 6 - Thunder : 1.
10:23 of 3rd period - Greg Mauldin wins face-off versus Daultan Leveillé in neutral zone.
11:10 of 3rd period - Adam Larsson is hit by David Fischer and loses puck.
12:21 of 3rd period - Snap shot by Tye McGinn.
12:21 of 3rd period - Stopped by Devan Dubnyk with a rebound.
12:23 of 3rd period - Snap shot by Nino Niederreiter.
12:23 of 3rd period - Shot Blocked by Joey Ryan.
13:03 of 3rd period - Wrist shot by Pierre-Alexandre Parenteau.
13:03 of 3rd period - Shot Blocked by Justin Braun.
14:00 of 3rd period - Slapshot by David Wolf.
14:00 of 3rd period - Shot Misses the Net.
14:41 of 3rd period - Nathan Oystrick is hit by Daultan Leveillé and loses puck.
15:00 of 3rd period - Petr Pohl is hit by Jay Harrison and loses puck.
15:06 of 3rd period - Off-side.
15:07 of 3rd period - Nino Niederreiter wins face-off versus Kelly Zajac in neutral zone.
15:38 of 3rd period - Slapshot by Jay Harrison.
15:38 of 3rd period - Stopped by Thomas Greiss with a rebound.
15:40 of 3rd period - Snap shot by Jay Beagle.
15:40 of 3rd period - Shot Blocked by Adam Larsson.
15:42 of 3rd period - Slapshot by David Fischer.
15:42 of 3rd period - Shot Blocked by Adam Larsson.
15:44 of 3rd period - Slapshot by Jay Harrison.
15:44 of 3rd period - Stopped by Thomas Greiss without a rebound.
15:45 of 3rd period - Daultan Leveillé wins face-off versus Tye McGinn in Tamiflu zone.
15:54 of 3rd period - Snap shot by Jordan Hendry.
15:54 of 3rd period - Shot Blocked by Joey Ryan.
16:31 of 3rd period - Icing by Stefan Elliott.
16:32 of 3rd period - Greg Mauldin wins face-off versus Joe Labate in Tamiflu zone.
16:32 of 3rd period - Greg Mauldin is hit by Joe Labate.
17:42 of 3rd period - Snap shot by David Clarkson.
17:42 of 3rd period - Deflect By Casey Pierro-Zabotel.
17:42 of 3rd period - Stopped by Thomas Greiss without a rebound.
17:43 of 3rd period - Joe Labate wins face-off versus Greg Mauldin in Tamiflu zone.
17:46 of 3rd period - Slapshot by Brett Festerling.
17:46 of 3rd period - Stopped by Thomas Greiss with a rebound.
17:48 of 3rd period - Slapshot by Joey Ryan.
17:48 of 3rd period - Shot Misses the Net.
17:50 of 3rd period - Snap shot by Joe Labate.
17:50 of 3rd period - Stopped by Thomas Greiss with a rebound.
17:52 of 3rd period - Wrist shot by Joe Labate.
17:52 of 3rd period - Shot Blocked by Nathan Oystrick.
17:54 of 3rd period - Wrist shot by Casey Pierro-Zabotel.
17:54 of 3rd period - Shot Blocked by Petr Pohl.
17:56 of 3rd period - Snap shot by Casey Pierro-Zabotel.
17:56 of 3rd period - Stopped by Thomas Greiss without a rebound.
17:57 of 3rd period - Daultan Leveillé wins face-off versus Greg Mauldin in Tamiflu zone.
18:04 of 3rd period - Snap shot by Scott Parse.
18:04 of 3rd period - Shot Misses the Net.
18:10 of 3rd period - Slapshot by Justin Braun.
18:10 of 3rd period - Stopped by Devan Dubnyk without a rebound.
18:11 of 3rd period - Jamie Arniel wins face-off versus Daultan Leveillé in Thunder zone.
18:47 of 3rd period - Snap shot by Pierre-Alexandre Parenteau.
18:47 of 3rd period - Shot Blocked by Stefan Elliott.
19:35 of 3rd period - Minor Penalty to Robert Dome for Holding.
19:36 of 3rd period - Daultan Leveillé wins face-off versus Petr Pohl in Tamiflu zone.
19:40 of 3rd period - Slapshot by David Fischer.
19:40 of 3rd period - Shot Misses the Net.
19:42 of 3rd period - Slapshot by Daultan Leveillé.
19:42 of 3rd period - Shot Blocked by Petr Pohl.
Goals for this period are 3 for Tamiflu vs 1 for Thunder.
Shots for this period are 13 for Tamiflu vs 10 for Thunder.
Back to the Top